 Dungeon Crawl Stone Soup version 0.30.1 (webtiles) character file.

Game seed: 4176927165921531865

8668 Dordric the Fighter (level 11, -18/87 HPs)
             Began as a Djinni Earth Elementalist on July 5, 2023.
             Was a Believer of Makhleb.
             Hit by a large rock thrown by a cyclops (35 damage)
             ... on level 11 of the Dungeon.
             The game lasted 00:20:53 (13126 turns).

Dordric the Fighter (Djinni Earth Elementalist)    Turns: 13126, Time: 00:20:54

Health: -18/87     AC:  3    Str:  7    XL:     11   Next: 60%
Gold:   635        EV: 17    Int: 20    God:    Makhleb [**....] SH:  5 Dex: 15

rFire   + + .        L - +4 falchion "Kiatay" {drain, rCorr}
rCold   . . .        (no shield)
rNeg    . . .        M - +1 animal skin
rPois   ∞            (no helmet)
rElec   .            (no cloak)
rCorr   +            (no gloves)
SInv    .            (boots unavailable)
Will    +....        g - amulet of reflection
Stlth   ++           r - ring of protection from cold
HPRegen 0.34/turn    J - +5 ring of evasion
MPRegen 0.00/turn

%: reflection, infuse magic (-19 HP)
@: flying
A: sickness immunity, fire resistance 2, cold vulnerability 1, float, innate
caster, HP casting, extra vitality 1
a: Renounce Religion, Minor Destruction


You were on level 11 of the Dungeon.
You worshipped Makhleb.
Makhleb was pleased with you.
You visited 2 branches of the dungeon, and saw 12 of its levels.
You also visited: Sewer.

You collected 635 gold pieces.

Inventory:

Hand Weapons
 h - a +1 short sword of protection
 L - the +4 falchion "Kiatay" (weapon) {drain, rCorr}
   (You took it off Grum on level 8 of the Dungeon)

   rCorr:     It protects you from acid and corrosion.
Armour
 a - a +0 robe
 M - a +1 animal skin (worn)
Jewellery
 g - an amulet of reflection (around neck)
 r - a ring of protection from cold (left hand)
 J - a +5 ring of evasion (right hand)
Wands
 c - a wand of paralysis (8)
 I - a wand of digging (6)
 K - a wand of polymorph (10)
Scrolls
 b - 3 scrolls of immolation
 d - 2 scrolls of noise
 j - 2 scrolls of magic mapping
 l - 4 scrolls of fog
 n - a scroll of enchant armour {unknown}
 q - a scroll of brand weapon {unknown}
 s - 11 scrolls of teleportation
 w - 4 scrolls of blinking {unknown}
 x - a scroll of silence {unknown}
 y - a scroll of enchant weapon {unknown}
 z - a scroll of acquirement {unknown}
 D - 3 scrolls of vulnerability {unknown}
 F - a scroll of torment {unknown}
 O - 3 scrolls of identify
Potions
 e - a potion of resistance
 i - 4 potions of lignification
 k - 6 potions of curing
 m - 3 potions of brilliance {unknown}
 o - 3 potions of ambrosia
 p - 3 potions of might
 t - 3 potions of flight {unknown}
 u - a potion of invisibility {unknown}
 v - 2 potions of haste {unknown}
 A - a potion of magic {unknown}
 B - a potion of mutation {unknown}
 C - a potion of berserk rage {unknown}
 E - a potion of cancellation {unknown}
 H - a potion of attraction {unknown}
 N - a potion of degeneration {unknown}


   Skills:
 + Level 11.5 Fighting
 + Level 5.0 Long Blades
 - Level 2.1 Dodging
 - Level 1.5 Stealth
 + Level 9.4 Spellcasting


You knew the following spells:

 Your Spells              Type           Power      Damage    Failure   Level
a - Sandblast             Erth           94%        2d19      1%          1
b - Passwall              Tmut/Erth      39%        N/A       1%          2
c - Stone Arrow           Conj/Erth      94%        3d12      1%          3
d - Petrify               Tmut/Erth      47%        N/A       1%          4
e - Kiss of Death         Conj/Necr      100%       2d13      1%          1
f - Scorch                Fire           94%        2d8       1%          2
g - Vhi's Electric Charg  Tloc/Air       94%        N/A       1%          3
h - Inner Flame           Hex/Fire       47%        N/A       1%          3
i - Summon Lightning Spi  Summ/Air       47%        N/A       1%          4
Your spell library was empty.

Dungeon Overview and Level Annotations

Branches:
Dungeon (11/15)            Temple (1/1) D:5            Lair (0/5) D:9
    Orc (0/2) D:10          Sewer (visited)

Altars:
Elyvilon
Fedhas
Makhleb
Okawaru
Qazlal
Trog
Uskayaw
Yredelemnul
Zin
The Shining One


Innate Abilities, Weirdness & Mutations

You are immune to sickness and miasma.
You are immune to poison.
Your flesh is very heat resistant. (rF++)
You are vulnerable to cold. (rC-)
You float through the air rather than walking.
You learn spells naturally, not from books.
Your magical power is your life essence.
You have superior vitality. (+4 MHP)


Message History

Nothing quivered!
Nothing quivered!
The cyclops's inner flame fades away.
The kobold brigand throws a poisoned dart.
The poisoned dart hits you!
There is a stone staircase leading up here.
You fly upwards.
There is a stone staircase leading down here.
HP restored.
Done exploring.
You fly downwards.
There is a stone staircase leading up here.
Nothing quivered!
Casting: Inner Flame (safe; 1% risk of failure)
Confirm with . or Enter, or press ? or * to list all spells.
Aiming: Inner Flame (safe; 1% risk of failure)
Press: ? - help, Dir - move target, f - cyclops
Aim: a cyclops, quivering large rocks (chance to affect: 83%)
The cyclops is filled with an intense inner flame!
The kobold brigand throws a poisoned dart.
The poisoned dart closely misses you.
The cyclops throws a large rock.
The large rock hits you!!
The cyclops throws a large rock.
The large rock hits you!!!
Ouch! That really hurt!
* * * LOW HITPOINT WARNING * * *
Nothing quivered!
Casting: Inner Flame (safe; 1% risk of failure)
Confirm with . or Enter, or press ? or * to list all spells.
Aiming: Stone Arrow (safe; 1% risk of failure)
Press: ? - help, Shift-Dir - straight line, f/p - cyclops
Aim: a cyclops, quivering large rocks (inner flame, 98% to hit)
The stone arrow hits the cyclops!
Flame seeps out of the cyclops.
The cyclops is moderately wounded.
* * * LOW HITPOINT WARNING * * *
Unknown command.
The cyclops is engulfed in blazing flames.
Flame seeps out of the cyclops.
There is a stone staircase leading up here.
The cyclops throws a large rock.
The large rock hits you!!
You die...

...........#
...........#
...........#
...........#
...........#
...........# ..
...........# ..
#########....#####..
#..@.......[.......#
#.................##
#................###
#.....KC.........##!
#.......°.......###.
########.....##.##?.
#......#..##..
#......#..##..
#......#..##!.


You could see a cyclops (inner flame) and a kobold brigand.

Vanquished Creatures
  A centaur warrior (D:9)
  A deep elf pyromancer (D:9)
  An unseen horror (D:10)
  Psyche (D:7)
  A troll (D:9)
  A wraith (D:9)
  A wyvern (D:9)
  Grum (D:8)
  2 basilisks (D:9)
  8 yaks
  A water moccasin (D:7)
  3 orc warriors
  A swamp drake (D:9)
  A sky beast (D:7)
  An ogre (D:4)
  3 wolves (D:8)
  A phantom (D:4)
  2 bullfrogs
  6 kobold brigands
  2 gnoll sergeants (D:9)
  6 scorpions
  9 wights
  18 killer bees
  5 howler monkeys
  4 lava snakes (D:9)
  3 hounds
  2 jellies
  2 orc priests
  A sleepcap (D:6)
  2 iguanas
  4 orc wizards
  10 gnolls
  11 adders
  A river rat (Sewer)
  A shadow imp (D:5)
  2 ufetubi
  A worm (Sewer)
  A dart slug (D:4)
  21 orcs
  9 ball pythons
  8 endoplasms
  3 giant cockroaches
  3 hobgoblins
  27 kobolds
  7 quokkas
  2 bats
  6 goblins
  A goblin zombie (D:5)
  A hobgoblin zombie (D:5)
  2 kobold skeletons (D:5)
  A kobold zombie (D:5)
  2 orc skeletons (D:5)
  10 rats
225 creatures vanquished.

Vanquished Creatures (collateral kills)
  2 komodo dragons (D:9)
  A shadow (D:10)
  A steam dragon (D:9)
  A killer bee (D:10)
  A gnoll (D:9)
6 creatures vanquished.

Grand Total: 231 creatures vanquished

Notes
Turn   | Place    | Note
-------+----------+-------------------------------------------
     0 | D:1      | Dordric the Djinni Earth Elementalist began the quest for
                  | the Orb.
     0 | D:1      | Dordric set off with the following spells memorised:
                  | Sandblast, Passwall, Stone Arrow, Petrify.
     0 | D:1      | Reached XP level 1. HP: 15/15 MP: 0/0
   208 | D:1      | Reached XP level 2. HP: 20/22 MP: 0/0
   555 | D:2      | Reached skill level 1 in Fighting
   588 | D:2      | Reached XP level 3. HP: 22/27 MP: 0/0
   588 | D:2      | Learned a level 1 spell: Kiss of Death
   865 | D:2      | Reached skill level 2 in Fighting
   915 | D:2      | Reached XP level 4. HP: 33/33 MP: 0/0
  1433 | D:3      | Noticed a scorpion
  1441 | D:3      | Killed a scorpion
  1442 | D:3      | Reached XP level 5. HP: 9/40 MP: 0/0
  1442 | D:3      | Learned a level 2 spell: Scorch
  1677 | D:3      | Reached skill level 3 in Fighting
  2044 | D:4      | Reached XP level 6. HP: 31/46 MP: 0/0
  2275 | D:4      | Found a glowing drain.
  2293 | Sewer    | Entered a sewer
  2448 | Sewer    | Reached skill level 4 in Fighting
  2627 | Sewer    | Reached XP level 7. HP: 28/53 MP: 0/0
  2627 | Sewer    | Learned a level 3 spell: Vhi's Electric Charge
  3106 | D:4      | Reached skill level 5 in Fighting
  3245 | D:4      | Reached skill level 5 in Spellcasting
  3617 | D:4      | Reached XP level 8. HP: 54/60 MP: 0/0
  3869 | D:5      | Entered Level 5 of the Dungeon
  4099 | D:5      | Found a glowing golden altar of the Shining One.
  4316 | D:5      | Reached skill level 6 in Fighting
  4819 | D:5      | Found a staircase to the Ecumenical Temple.
  4926 | Temple   | Entered the Ecumenical Temple
  4932 | Temple   | Became a worshipper of Makhleb the Destroyer
  5628 | D:7      | Identified the +7 quarterstaff of Brutal Revenge {pain,
                  | *Slow rC+ rCorr Str+2}
  5797 | D:7      | Reached skill level 7 in Fighting
  5831 | D:7      | Reached XP level 9. HP: 62/68 MP: 0/0
  5831 | D:7      | Learned a level 3 spell: Inner Flame
  6845 | D:7      | Reached skill level 8 in Fighting
  7334 | D:8      | Noticed Psyche
  7504 | D:7      | Killed Psyche
  7505 | D:7      | Reached skill level 9 in Fighting
  7505 | D:7      | Reached XP level 10. HP: 32/78 MP: 0/0
  8064 | D:8      | Reached * piety under Makhleb
  8304 | D:8      | Identified the +4 falchion "Kiatay" {drain, rCorr}
  8304 | D:8      | Noticed Grum
  8488 | D:8      | Killed Grum
  8489 | D:8      | Reached skill level 10 in Fighting
  8995 | D:9      | Found a hide-covered altar of Uskayaw.
  8995 | D:9      | Found a blossoming altar of Fedhas.
  9271 | D:9      | Noticed a centaur warrior
  9282 | D:9      | Killed a centaur warrior
  9283 | D:9      | Reached skill level 1 in Long Blades
  9920 | D:9      | Reached ** piety under Makhleb
 10186 | D:9      | Reached XP level 11. HP: 76/86 MP: 0/0
 10186 | D:9      | Learned a level 4 spell: Summon Lightning Spire
 10407 | D:9      | Noticed a deep elf pyromancer
 10413 | D:9      | Killed a deep elf pyromancer
 10420 | D:9      | Reached skill level 11 in Fighting
 10554 | D:9      | Found a staircase to the Lair.
 10807 | D:10     | Entered Level 10 of the Dungeon
 11241 | D:10     | Found a staircase to the Orcish Mines.
 12427 | D:10     | HP: 4/87 [something (8)]
 12823 | D:10     | HP: 4/87 [something (8)]
 12824 | D:10     | HP: 1/87 [something (3)]
 12840 | D:10     | Reached skill level 5 in Long Blades
 12995 | D:11     | Found the +10 morningstar "Eos" {elec, Halo rElec}
 12998 | D:11     | Noticed a cyclops
 13126 | D:11     | Hit by a large rock thrown by a cyclops

Illustrated notes

Levels and vault maps discovered:
D:1:      psy_arrival_terrarium, layout_rooms
D:2:      layout_basic, basic_altar
D:3:      layout_loops_cross
D:4:      layout_basic, gup_sewer_entry_glass
D:5:      layout_basic, nicolae_tso_besieged_by_evil, temple_hall_moat,
          nicolae_figureground_pulse
D:6:      layout_layer_cave
D:7:      layout_cave_pools
D:8:      layout_basic, serial_rivers, chequers_serial_rivers_room_b,
          chequers_serial_rivers_small_a, chequers_serial_rivers_small_a,
          chequers_serial_rivers_room_b, chequers_serial_rivers_room_a,
          uniq_grum, uniq_psyche
D:9:      kennysheep_big_flooded_room, layout_irregular_city,
          chequers_temple_overflow_statue_of_worship, erik_lair_dragon
D:10:     layout_loops_corners, orc_0_dummy
D:11:     layout_grid_maze, minmay_mirror_moons_of_madness
Temple:   eino_narrow_crystal_temple

Skill      XL: |  1  2  3  4  5  6  7  8  9 10 11 |
---------------+----------------------------------+-----
Fighting       | 1 2 3 4 5 7 9 10 11 | 11.5
Spellcasting   | 3 4 5 6 7 8 9 |  9.4
Long Blades    | 3 5 |  5.0
Dodging        | |  2.1
Stealth        | |  1.5

Action                     |  1- 3 |  4- 6 |  7- 9 | 10-12 || total
---------------------------+-------+-------+-------+-------++-------
  Melee: Short sword       |       |       |    10 |       ||    10
         Falchion          |       |       |       |    72 ||    72
         Punch             |       |       |       |     1 ||     1
   Cast: Sandblast         |    43 |    13 |       |       ||    56
         Stone Arrow       |       |    43 |   143 |   120 ||   306
         Petrify           |       |       |    19 |    10 ||    29
         Inner Flame       |       |       |       |    34 ||    34
         Summon Lightning  |       |       |       |    11 ||    11
  Evoke: Wand              |       |       |       |     2 ||     2
    Use: Scroll            |       |     2 |     4 |     4 ||    10
         Potion            |       |       |       |     7 ||     7
   Stab: Paralysed         |       |       |       |     4 ||     4
 Armour: Robe              |     2 |     2 |     2 |     1 ||     7
         Animal skin       |       |       |       |    20 ||    20
         Skin              |       |       |       |    12 ||    12
  Dodge: Dodged            |     5 |     9 |    56 |    75 ||   145
  Block: Other             |     2 |     3 |    11 |    14 ||    30
         Reflection        |       |     1 |       |     2 ||     3
